 Dungeon Crawl Stone Soup version 0.28.0-45-g0d030f2227 (console) character file.

Game seed: 11687116760399039633

2152 Faeu the Blocker (level 9, -27/81 HPs)
             Began as a Minotaur Fighter on Apr 20, 2022.
             Was a Priest of Elyvilon.
             Killed by an exploding troll (34 damage)
             ... ignited by their inner flame
             ... on level 9 of the Dungeon.
             The game lasted 00:23:16 (6314 turns).

Faeu the Blocker (Minotaur Fighter)                 Turns: 6314, Time: 00:23:17

Health: -27/81     AC: 16    Str: 25    XL:     9   Next: 10%
Magic:  8/8        EV: 11    Int:  5    God:    Elyvilon [***...]
Gold:   377        SH:  5    Dex: 10    Spells: 8/8 levels left

rFire   . . .      SeeInvis .   a - +1 long sword {long}
rCold   . . .      Faith    .   c - +0 buckler
rNeg    . . .      Spirit   .   F - +1 plate armour
rPois   .          Reflect  .   (helmet restricted)
rElec   .          Harm     .   (no cloak)
rCorr   .          Rampage  .   e - +0 pair of gloves
Will    .....                   (no boots)
Stlth   ..........              (no amulet)
HPRegen 0.23/turn               s - +4 ring of evasion
MPRegen 0.11/turn               (no ring)

@: mighty, weak-willed
A: horns 2, retaliatory headbutt
a: Renounce Religion, Purification, Heal Other, Heal Self


You were on level 9 of the Dungeon.
You worshipped Elyvilon.
Elyvilon was most pleased with you.
You visited 2 branches of the dungeon, and saw 10 of its levels.

You collected 377 gold pieces.


Innate Abilities, Weirdness & Mutations

You have a pair of horns on your head.
You reflexively headbutt those who attack you in melee.


   Skills:
 + Level 8.0 Fighting
 + Level 7.6 Long Blades
 + Level 8.1 Armour
 + Level 8.1 Shields


You had 8 spell levels left.
You didn't know any spells.
Your spell library contained the following spells:

 Spells                   Type           Power      Damage    Failure   Level
 Conjure Flame            Conj/Fire      0%         6-21      100%        3
 Frozen Ramparts          Ice            0%         1d2       100%        3
 Ignite Poison            Fire/Tmut/Pois 0%         N/A       100%        3
 Ice Form                 Ice/Tmut       0%         N/A       100%        4
 Sticky Flame             Conj/Fire      0%         2d3       100%        4
 Summon Ice Beast         Ice/Summ       0%         N/A       100%        4
 Borgnjor's Revivificati  Necr           0%         N/A       100%        8
 Necromutation            Tmut/Necr      0%         N/A       100%        8
 Death's Door             Necr           0%         N/A       100%        9

Inventory:

Hand Weapons
 a - a +1 long sword (weapon) {long}
 u - a +0 vorpal hand axe {axe}
   (You found it on level 3 of the Dungeon)
 E - a +2 dagger of flaming {short}
   (You took it off an orc wizard on level 5 of the Dungeon)
Missiles
 q - 11 poisoned darts (quivered) {throwing}
 v - 2 boomerangs {throwing}
 H - a curare-tipped dart {=fthrowing}
Armour
 c - a +0 buckler (worn)
 e - a +0 pair of gloves (worn)
   (You found it on level 1 of the Dungeon)
 D - a +2 leather armour of willpower
   (You took it off a gnoll shaman on level 6 of the Dungeon)
 F - a +1 plate armour (worn)
   (You found it on level 6 of the Dungeon)
Jewellery
 s - a +4 ring of evasion (left hand)
   (You found it on level 3 of the Dungeon)
Wands
 b - a wand of iceblast (2)
   (You found it on level 6 of the Dungeon)
 B - a wand of flame (15)
   (You found it on level 5 of the Dungeon)
 C - a wand of polymorph (6)
   (You took it off an orc on level 5 of the Dungeon)
Scrolls
 f - a scroll of identify {unknown}
 i - 4 scrolls of teleportation {unknown}
 k - 4 scrolls of amnesia {unknown}
 o - 2 scrolls of noise {unknown}
 w - 3 scrolls of fog {unknown}
Potions
 d - a potion of might
 g - a potion of heal wounds {@q2}
 h - a potion of ambrosia {unknown}
 j - a potion of mutation {unknown}
 l - 2 potions of degeneration {unknown}
 m - a potion of invisibility {unknown}
 r - 3 potions of attraction {unknown}
 t - a potion of berserk rage {unknown}
 x - a potion of brilliance {unknown}
 z - a potion of flight {unknown}
 A - a potion of lignification {unknown}
 G - a potion of curing {unknown}

Dungeon Overview and Level Annotations

Branches:
Dungeon (9/15)             Temple (1/1) D:4
   Lair: D:8-11         Orc: D:9-12

Altars:
Ashenzari
Cheibriados
Dithmenos
Elyvilon
Fedhas
Gozag
Hepliaklqana
Kikubaaqudgha
Makhleb
Nemelex Xobeh
Okawaru
Ru
Trog
Uskayaw
Vehumet
Wu Jian
Xom
Yredelemnul
Zin
The Shining One

Shops:
D:2 [   D:3 [

Portals:
Bailey: D:9

Annotations:
D:7 Joseph

#####.... #.......+
#.≈≈≈≈≈.. #.≈...≈.#
#.≈>∩.≈.# #Z≈g..≈.#
#§≈§≈≈≈..
###########@§YY.Y..
######...Yc.....§§§Y....
YY.Y...############.....
######## .... # ###


You could see 5 yaks, a centaur (inner flame, weak-willed), a centaur zombie
(inner flame, weak-willed) and a goblin (inner flame, weak-willed).


Message History

You open the door.
The wyvern hisses menacingly.
The wyvern bites you.
* * * LOW HITPOINT WARNING * * *
The centaur unwields a +0 shortbow.
The centaur hits you but does no damage.
The centaur kicks you but does no damage.
The wyvern barely misses you. You furiously retaliate!
You headbutt the wyvern. 😨 HP[-5]
You take 5 damage, and now have 22/81 hp.
The centaur wields a +0 shortbow.
The centaur shoots an arrow.
You block the arrow.
There is an open door here.
The wyvern hisses menacingly.
You block the wyvern's attack. 😨 HP[+1]
You block the wyvern's attack. The wyvern misses you. You furiously retaliate!
You headbutt the wyvern! You slash the wyvern!
You kill the wyvern!
The centaur shoots an arrow.
The arrow closely misses you.
Your Fighting skill increases to level 8!
Your Shields skill increases to level 8! 😨 HP[+1]
The centaur shoots an arrow.
The arrow hits you but does no damage.
The centaur shoots an arrow.
The arrow misses you.
The centaur shoots an arrow.
The arrow hits you!
* * * LOW HITPOINT WARNING * * *
The centaur shoots an arrow.
The arrow hits you!
* * * LOW HITPOINT WARNING * * *
😱 HP[-22]
You take 22 damage, and now have 2/81 hp.
MASSIVE DAMAGE!! (PAUSE)
The centaur shoots an arrow.
The arrow closely misses you.
The centaur shoots an arrow.
You block the arrow. 😱 HP[+1]
The centaur shoots an arrow.
The arrow hits you! Elyvilon protects you from harm!
The centaur shoots an arrow.
The arrow hits you but does no damage.
The centaur shoots an arrow.
The arrow barely misses you.
You hear the faint creaking of a portcullis very nearby.
A goblin comes into view.
The goblin shouts!
The centaur shoots an arrow.
The arrow hits you!
Elyvilon protects you from harm! 😱 HP[+1]
You feel much better.
The centaur shoots an arrow.
You block the arrow.
A goblin comes into view.
A troll comes into view. 😨 HP[+28]
You regained 28 hp, and now have 32/81 hp. 2 goblins come into view.
Found a flagged portal.
The goblin shouts! x2; You hear a bellow! x2
A centaur zombie comes into view.
The goblin throws a boomerang.
The boomerang closely misses you.
A yak comes into view.
The yak bellows!
The centaur shoots an arrow.
The arrow hits you but does no damage.
A yak comes into view. x2
The goblin barely misses you. You furiously retaliate!
You headbutt the goblin!
You kill the goblin! 😨 HP[+1]
As you read the scroll labelled DYKICH VUEFANT, it crumbles to dust.
The creatures around you are filled with an inner flame!
It was a scroll of immolation.
The yak bellows!
The centaur shoots an arrow.
The arrow hits you but does no damage. The troll bites you but does no damage.
The troll closely misses you. You block the troll's attack.
As you read the scroll labelled DULEOTZU PUFO, it crumbles to dust.
It is a scroll of enchant armour.
Your +0 plate armour glows green for a moment.
The centaur shoots an arrow.
The arrow closely misses you.
The arrow barely misses the troll.
A yak comes into view.
You block the goblin's attack. The troll bites you but does no damage.
The troll claws you but does no damage. You block the troll's attack.
The centaur shoots an arrow.
The arrow hits you but does no damage.
As you read the scroll labelled BEKHLU VENIGES, it crumbles to dust.
It is a scroll of enchant weapon.
Your +0 long sword {long} glows red for a moment.
The yak bellows!
The centaur shoots an arrow.
You block the arrow. The goblin barely misses you.
The troll bites you but does no damage. You block the troll's attack.
The troll claws you but does no damage.
The goblin throws a boomerang.
The boomerang completely misses you.
As you read the scroll labelled WANUDI ZOCOPT, it crumbles to dust.
Magic quickly surges around you.
It was a scroll of vulnerability.
The centaur shoots an arrow.
You block the arrow. The goblin closely misses you.
The goblin completely misses you. You furiously retaliate!
You headbutt the goblin!!
The goblin explodes!
The fiery explosion engulfs you!!
* * * LOW HITPOINT WARNING * * *
The fiery explosion engulfs the troll!!!
The fiery explosion engulfs the yak!!
Flame seeps out of the yak.
The troll explodes!
The fiery explosion engulfs the goblin!!
The fiery explosion engulfs you!!
You die...

Skill      XL: |  1  2  3  4  5  6  7  8  9 |
---------------+----------------------------+-----
Fighting       | 4 5 6 7 8 |  8.0
Armour         | 4 5 6 8 |  8.1
Shields        | 4 5 6 7 8 |  8.1
Long Blades    | 3 4 5 6 7 |  7.6

Action                   |  1- 3 |  4- 6 |  7- 9 || total
-------------------------+-------+-------+-------++-------
Melee: Long sword        |    60 |   109 |   250 ||   419
       Headbutt          |     8 |    14 |    48 ||    70
  Use: Potion            |       |       |     3 ||     3
       Scroll            |       |       |     4 ||     4
Armor: Scale mail        |    26 |    51 |    21 ||    98
       Chain mail        |       |       |     9 ||     9
       Plate armour      |       |       |    90 ||    90
Dodge: Dodged            |    30 |    60 |   135 ||   225
Block: Buckler           |    17 |    29 |    71 ||   117

Levels and vault maps discovered:
D:1:      dpeg_arrival_radiant, layout_basic, dk_noncrumbling_2
D:2:      layout_rooms, basic_altar, shapermc_ecumenical_altar_petra,
          serial_shops, nicolae_shop_trees, kennysheep_boxes
D:3:      layout_basic, general_overflow_altar, serial_shops, shop_coins,
          gup_sewer_entry_bowl, fountainhead, chequers_jeans,
          cheibrodos_gnoll_hut
D:4:      layout_layer_cave, minmay_temple_entry_mist
D:5:      layout_rooms, mainiacjoe_overflow_brackets
D:6:      layout_loops_cross, minivault_1
D:7:      layout_loops_ring, gammafunk_ghost_arena, uniq_joseph
D:8:      cheibrodos_fzero, layout_loops_ring, nicolae_sif_muna_little_library
D:9:      layout_roguey, grunt_qazlal_clouds, enter_bailey_5, uniq_harold
Temple:   nicolae_temple_no_exploring_needed

Notes
Turn   | Place    | Note
-------+----------+-------------------------------------------
     0 | D:1      | Faeu the Minotaur Fighter began the quest for the Orb.
     0 | D:1      | Reached XP level 1. HP: 19/19 MP: 0/0
     0 | D:1      | magus.rc [v1.9.6]
   358 | D:1      | Reached XP level 2. HP: 25/27 MP: 1/1
   779 | D:2      | Reached skill level 4 in Fighting
   779 | D:2      | Reached skill level 4 in Armour
   829 | D:2      | Reached skill level 4 in Shields
   890 | D:2      | Reached skill level 3 in Long Blades
   890 | D:2      | Reached XP level 3. HP: 25/33 MP: 2/2
  1086 | D:2      | Found a white marble altar of Elyvilon.
  1161 | D:2      | Reached XP level 4. HP: 41/41 MP: 3/3
  1195 | D:2      | Found Tadai's Antique Armour Shoppe.
  1509 | D:3      | You fall into a shaft and drop 1 floor!
  1533 | D:4      | Noticed a necrophage
  1547 | D:4      | Killed a necrophage
  1548 | D:4      | Reached XP level 5. HP: 31/47 MP: 4/4
  1609 | D:4      | Noticed an ogre
  1627 | D:5      | Entered Level 5 of the Dungeon
  1632 | D:5      | Reached skill level 4 in Long Blades
  1657 | D:5      | Reached skill level 5 in Fighting
  1657 | D:5      | Reached skill level 5 in Armour
  1657 | D:5      | Reached skill level 5 in Shields
  1660 | D:4      | Found a staircase to the Ecumenical Temple.
  1668 | Temple   | Entered the Ecumenical Temple
  1718 | Temple   | Became a worshipper of Elyvilon the Healer
  1870 | D:4      | Reached XP level 6. HP: 55/56 MP: 5/5
  1949 | D:3      | HP: 14/56 [orc/+0 mace (6)]
  1997 | D:3      | Found Mocwev's Antique Armour Emporium.
  2405 | D:3      | Reached skill level 5 in Long Blades
  2405 | D:3      | Reached XP level 7. HP: 28/62 MP: 6/6
  2646 | D:3      | Reached skill level 6 in Shields
  2773 | D:3      | Reached skill level 6 in Fighting
  2773 | D:3      | Reached skill level 6 in Armour
  2790 | D:3      | Reached * piety under Elyvilon
  3294 | D:3      | Found a glowing silver altar of Zin.
  3404 | D:4      | You pick up a book of Rime and begin reading...
  3404 | D:4      | You add the spells Frozen Ramparts, Ice Form and Summon Ice
                  | Beast to your library.
  3582 | D:4      | You add the spells Borgnjor's Revivification, Necromutation
                  | and Death's Door to your library.
  3793 | D:4      | Reached ** piety under Elyvilon
  4377 | D:5      | Found a blossoming altar of Fedhas.
  4473 | D:5      | Reached skill level 6 in Long Blades
  4473 | D:5      | Reached XP level 8. HP: 71/71 MP: 7/7
  4882 | D:6      | You add the spells Conjure Flame, Ignite Poison and Sticky
                  | Flame to your library.
  4996 | D:6      | Reached *** piety under Elyvilon
  5069 | D:6      | Reached skill level 7 in Armour
  5069 | D:6      | Reached skill level 7 in Shields
  5077 | D:6      | Reached skill level 7 in Fighting
  5995 | D:7      | Noticed Joseph
  6184 | D:8      | Reached skill level 7 in Long Blades
  6243 | D:8      | Noticed a gargoyle
  6279 | D:9      | HP: 14/74 [centaur/arrow (9)]
  6280 | D:9      | Reached skill level 8 in Armour
  6280 | D:9      | Reached XP level 9. HP: 15/81 MP: 8/8
  6298 | D:9      | Reached skill level 8 in Fighting
  6298 | D:9      | Reached skill level 8 in Shields
  6300 | D:9      | HP: 12/81 [centaur/arrow (12)]
  6300 | D:9      | HP: 2/81 [centaur/arrow (10)]
  6303 | D:9      | Elyvilon protects you from harm!
  6306 | D:9      | Elyvilon protects you from harm!
  6307 | D:9      | Noticed a troll
  6308 | D:9      | Found a flagged portal.
  6314 | D:9      | HP: 7/81 [spore (26)]
  6314 | D:9      | Killed a troll
  6314 | D:9      | Killed by an exploding troll... ignited by their inner
                  | flame

Vanquished Creatures
  A troll (D:9)
  2 wyverns (D:9)
  A steam dragon (D:8)
  A black bear (D:9)
  2 necrophages (D:4)
  A sky beast (D:7)
  2 ogres
  A kobold brigand (D:7)
  A bullfrog (D:7)
  3 scorpions
  A wyvern skeleton (D:6)
  3 hounds
  A jelly (D:5)
  2 gnoll shamans (D:6)
  3 orc priests
  A bullfrog skeleton (D:5)
  2 centaur skeletons
  An iguana (D:5)
  5 orc wizards
  A killer bee zombie (D:7)
  2 howler monkey zombies
  10 gnolls
  7 adders
  A river rat (D:3)
  A shadow imp (D:3)
  A white imp (D:6)
  An ufetubus (D:4)
  2 worms
  3 dart slugs
  22 orcs
  3 bats
  3 endoplasms
  6 giant cockroaches
  8 goblins
  8 hobgoblins
  3 jackals (D:3)
  8 kobolds
  4 quokkas
  6 ball pythons
  3 frilled lizards
  5 rats
142 creatures vanquished.

Vanquished Creatures (others)
  A gnoll (D:6)
1 creature vanquished.

Grand Total: 143 creatures vanquished

Table legend:
 A = Non-vault XP
 B = Vault XP
 C = Vault XP percentage of total XP
 D = Non-vault monster count
 E = Vault monster count
 F = Vault count percentage of total count
                 A         B        C        D         E       F
            +---------+---------+-------+---------+---------+-------
      Total |    3084 |     307 |   9.1 |     131 |      11 |   7.7
            +---------+---------+-------+---------+---------+-------
        D:1 |      27 |       0 |   0.0 |      15 |       0 |   0.0
        D:2 |     101 |       0 |   0.0 |      17 |       0 |   0.0
        D:3 |     385 |     118 |  23.5 |      38 |       7 |  15.6
        D:4 |     475 |       0 |   0.0 |      16 |       0 |   0.0
        D:5 |     352 |       0 |   0.0 |      14 |       0 |   0.0
        D:6 |     468 |       0 |   0.0 |      14 |       0 |   0.0
        D:7 |     364 |       0 |   0.0 |       9 |       0 |   0.0
        D:8 |      54 |     183 |  77.2 |       4 |       1 |  20.0
        D:9 |     858 |       6 |   0.7 |       4 |       3 |  42.9
            +---------+---------+-------+---------+---------+-------

Illustrated notes

Table legend:
 A = Kills in this place as a percentage of kills in entire the game.
 B = Kills by you in this place as a percentage of kills by you in the entire game.
 C = Kills by friends in this place as a percentage of kills by friends in the entire game.
 D = Other kills in this place as a percentage of other kills in the entire game.
 E = Experience gained in this place as a percentage of experience gained in the entire game.
 F = Experience gained in this place divided by the number of levels of this place that you have seen.
                   A       B       C       D       E      F
               +-------+-------+-------+-------+-------+----------------------
         Total | 100.0 | 100.0 |   N/A |   N/A | 100.0 | 339.1
       Dungeon | 100.0 | 100.0 |   N/A |   N/A | 100.0 | 376.8
               +-------+-------+-------+-------+-------+----------------------

Table legend: (Time is in decaauts)
 A = Elapsed time spent in this place.
 B = Non-inter-level travel time spent in this place.
 C = Inter-level travel time spent in this place.
 D = Time resting spent in this place.
 E = Time spent auto-exploring this place.
 F = Levels seen in this place.
 G = Mean time per level.
                   A        B        C        D        E       F      G
               +--------+--------+--------+--------+--------+-----+--------+
         Total |   6395 |   6254 |    141 |    412 |   3770 |  10 |  639.5 |
       Dungeon |   6338 |   6197 |    141 |    412 |   3770 |   9 |  704.2 |
        Temple |     57 |     57 |      0 |      0 |      0 |   1 |   57.0 |
               +--------+--------+--------+--------+--------+-----+--------+

Top non-repeatable levels by time:
     D:3: 1461 daAuts
     D:6: 1081 daAuts
     D:4: 1068 daAuts
     D:1: 780 daAuts
     D:2: 749 daAuts
     D:5: 627 daAuts
     D:7: 275 daAuts
     D:8: 236 daAuts
     D:9: 58 daAuts
  Temple: 57 daAuts
